 Dungeon Crawl Stone Soup version 0.21-a0-94-gdd6ab6a (webtiles) character file.

2886 Gorice the Zephyrmancer (level 9, -4/45 HPs)
             Began as a Tengu Air Elementalist on July 1, 2017.
             Splashed by a jelly's acid (6 damage)
             ... on level 6 of the Dungeon.
             The game lasted 00:34:28 (7925 turns).

Gorice the Zephyrmancer (Tengu Air Elementalist)    Turns: 7925, Time: 00:34:29

Health: -4/45      AC: -4    Str:  8    XL:     9   Next: 77%
Magic:  17/20      EV: 13    Int: 19    God:
Gold:   191        SH:  0    Dex: 15    Spells: 6/21 levels left

rFire    . . .     SeeInvis .   a - +0 whip (elec)
rCold    . . .     Gourm    .   (no shield)
rNeg     . . .     Faith    .   j - +1 robe
rPois    .         Spirit   .   (helmet restricted)
rElec    .         Reflect  .   (no cloak)
rCorr    .         Harm     .   e - +0 pair of gloves
MR       +....                  (boots unavailable)
Stlth    ++........             (no amulet)
HPRegen  0.15/turn              I - ring of protection from magic
MPRegen  0.17/turn              (no ring)

@: corroded
A: beak, talons 3, able to fly 1
a: Fly


You were on level 6 of the Dungeon.
You were not hungry.

You visited 1 branch of the dungeon, and saw 7 of its levels.
You also visited: Ossuary.

You collected 217 gold pieces.
You spent 26 gold pieces at shops.

Inventory:

Hand Weapons
 a - a +0 whip of electrocution (weapon)
   (You took it off Pikel on level 5 of the Dungeon)
 d - a +2 war axe of electrocution
   (You took it off an orc on level 5 of the Dungeon)
 k - a +0 quarterstaff
 v - a +1 whip of venom
   (You took it off a kobold on level 1 of the Dungeon)
 B - a +0 blowgun
Missiles
 n - 6 javelins (quivered)
 o - 3 curare-tipped needles
 Z - 318 stones
Armour
 e - a +0 pair of gloves (worn)
 j - a +1 robe (worn)
Jewellery
 I - a ring of protection from magic (left hand)
Wands
 q - a wand of polymorph (17/24)
 C - a wand of acid (11/15)
 D - a wand of paralysis (10/24)
 H - a wand of digging (17/24)
Scrolls
 h - 3 scrolls of teleportation {!r}
 l - 3 scrolls of remove curse
 m - 3 scrolls of recharging
 r - 4 scrolls of enchant armour
 t - 2 scrolls of blinking
 y - a scroll of fear {!r}
 F - 2 scrolls of magic mapping {!r}
Potions
 c - a potion of brilliance {unknown}
 f - a potion of resistance {unknown}
 g - 4 potions of haste {!q}
 i - 3 potions of might {!q}
 s - 3 potions of curing
 u - 2 potions of heal wounds {!q}
 w - 2 potions of invisibility {!q}
 x - a potion of degeneration {unknown}
 z - 2 potions of lignification {unknown}
 A - 2 potions of magic {unknown}
 G - a potion of ambrosia {unknown}
Books
 b - a book of Air
Comestibles
 p - 2 chunks of flesh
 E - a bread ration {!e}


   Skills:
 - Level 2.1 Dodging
 - Level 2.0 Stealth
 * Level 6.7 Spellcasting
 + Level 10.5 Conjurations
 + Level 10.6 Air Magic


You had 6 spell levels left.
You knew the following spells:

 Your Spells              Type           Power        Failure   Level  Hunger
a - Shock                 Conj/Air       ####         1%          1    None
b - Static Discharge      Conj/Air       #####...     1%          3    ##.....
c - Airstrike             Air            #####.....   1%          4    ####...
d - Lightning Bolt        Conj/Air       #####.....   3%          5    #####..
S - Swiftness             Chrm/Air       ####....     1%          2    None


Dungeon Overview and Level Annotations

Branches:
Dungeon (7/15)             Temple (0/1) D:7

Altars:
Fedhas
Hepliaklqana
Kikubaaqudgha
Makhleb
Nemelex Xobeh
Okawaru
Qazlal
Ru
Trog
Xom
The Shining One

Shops:
D:6 %


Innate Abilities, Weirdness & Mutations

You have a beak for a mouth.
You have claws for feet.
You can fly.


Message History

You hit the phantom but do no damage. Lightning courses through the phantom!
You destroy the phantom!
No target in view!
You now have 191 gold pieces (gained 12).
Found a staircase to the Ecumenical Temple.
You found an alarm trap!
A jelly comes into view.
Found 6 gold pieces.
A wight comes into view. It is wielding a great sword.
The jelly quivers.
A wight comes into view. It is wielding an enchanted hand axe.
Found a bread ration.
You hear a blaring wail to the south.
You hear an angry growl.
You hear a screech!
You hear a croak.
You hear a shout! x3
You barely miss the jelly. You peck the jelly.
The jelly is moderately wounded.
The jelly hits you. The acid corrodes you!
You are splashed with acid!
The acid burns!
Damage: 9 (max 9)
You hit the jelly but do no damage.
Your hands burn!
You peck the jelly, but do no damage.
The jelly is moderately wounded.
The jelly barely misses you.
Damage: 5 (max 9)
The jelly hits you.
* * * LOW HITPOINT WARNING * * *
You are splashed with acid!
The acid burns!
* * * LOW HITPOINT WARNING * * *
Damage: 12 (max 12)
There is a stone staircase leading up here.
The jelly hits you.
* * * LOW HITPOINT WARNING * * *
The acid corrodes you!
You are splashed with acid!
The acid burns!
* * * LOW HITPOINT WARNING * * *
You climb upwards.
There is a stone staircase leading down here.
Damage: 9 (max 12) Unknown command.
Unknown command.
Casting: Shock
Confirm with . or Enter, or press ? or * to list all spells.
Aiming: Shock
Press: ? - help, Shift-Dir - straight line, f - jelly
Aim: a jelly (lightly wounded)
The zap hits the jelly.
The jelly is moderately wounded.
The jelly hits you.
* * * LOW HITPOINT WARNING * * *
You are splashed with acid!
The acid burns!
You die...

# #.# #.#.#.###########.#.# # #.#
#.#.#.# #.#.# # #.# #.#.#.# #.#.#
####.########.#.#.###########.#.#
.................................
####.########.#.#....+.....##.#.#
# #.# #.#.######.....##..<. #
#>########.#............###### #
#..........##@J.....##........
#####............................
..................####...........
#####.##########.................
#.# #..#####.######.## #.#
#######'.# #..# ###'## #.#
#........# #..###....# #.#
#........# #...##....# #.#
#.......†#####.#.##....#


You could see a jelly.

Vanquished Creatures
  Pikel (D:5)
  Eustachio (D:5)
  Edmund (D:5)
  A sky beast (D:6)
  2 ice beasts
  A black bear (D:6)
  3 ogres
  A phantom (D:7)
  2 centaurs (D:5)
  Blork the orc (D:5)
  2 bullfrogs (D:6)
  A water moccasin zombie (Ossuary)
  A scorpion (D:5)
  A howler monkey (D:6)
  2 crimson imps (D:6)
  4 bullfrog zombies
  4 centaur zombies (Ossuary)
  A hound (D:6)
  A bullfrog skeleton (D:5)
  2 orc wizards
  6 worker ants
  A killer bee zombie (Ossuary)
  A hound zombie (Ossuary)
  9 mummies
  A worker ant zombie (Ossuary)
  3 gnolls (D:3)
  7 adders
  A shadow imp (D:6)
  An adder skeleton (D:5)
  3 adder zombies (Ossuary)
  2 worms
  3 leopard geckos
  10 orcs
  15 bats
  2 giant cockroaches (D:3)
  5 goblins
  11 hobgoblins
  9 jackals
  4 quokkas
  5 frilled lizards
  A giant cockroach zombie (Ossuary)
  2 hobgoblin zombies (D:4)
  2 kobolds (D:1)
  A kobold zombie (D:4)
  An orc zombie (D:4)
  A quokka zombie (Ossuary)
  10 rats
150 creatures vanquished.

Vanquished Creatures (others)
  2 orcs (D:5)
  A jackal (D:5)
  6 withered plants (Ossuary)
9 creatures vanquished.

Grand Total: 159 creatures vanquished

Notes
Turn   | Place    | Note
-------+----------+-------------------------------------------
     0 | D:1      | Gorice the Tengu Air Elementalist began the quest for the Orb.
     0 | D:1      | Reached XP level 1. HP: 10/10 MP: 4/4
   168 | D:1      | Reached skill level 2 in Conjurations
   180 | D:1      | Reached XP level 2. HP: 14/15 MP: 0/6
  1005 | D:2      | Reached skill level 3 in Conjurations
  1010 | D:2      | Found a hazy altar of Hepliaklqana.
  1013 | D:2      | Found a glowing golden altar of the Shining One.
  1030 | D:2      | Reached XP level 3. HP: 19/19 MP: 3/7
  1292 | D:2      | Found a burning altar of Makhleb.
  1384 | D:2      | Found a sacrificial altar of Ru.
  1448 | D:2      | Found a hide-covered altar of Uskayaw.
  1450 | D:2      | Found a shimmering altar of Xom.
  1450 | D:2      | Found a hazy altar of Hepliaklqana.
  1452 | D:2      | Found a deep blue altar of Sif Muna.
  1452 | D:2      | Found a glowing golden altar of the Shining One.
  1452 | D:2      | Found a sacrificial altar of Ru.
  1579 | D:2      | Reached skill level 4 in Conjurations
  1579 | D:2      | Reached XP level 4. HP: 24/24 MP: 6/9
  1789 | D:3      | Reached skill level 3 in Spellcasting
  2019 | D:3      | Gained mutation: You can fly. [Tengu growth]
  2019 | D:3      | Reached XP level 5. HP: 28/28 MP: 8/10
  2571 | D:3      | Learned a level 3 spell: Static Discharge
  2576 | D:3      | Learned a level 4 spell: Airstrike
  2679 | D:4      | Found a stormy altar of Qazlal.
  2721 | D:4      | Reached skill level 5 in Air Magic
  2746 | D:4      | Found a sand-covered staircase.
  2795 | Ossuary  | Entered an ossuary
  2807 | Ossuary  | HP: 2/28 [mummy (14)]
  2808 | Ossuary  | Reached skill level 5 in Conjurations
  3102 | Ossuary  | Reached XP level 6. HP: 29/32 MP: 12/12
  3486 | Ossuary  | Reached skill level 4 in Spellcasting
  3486 | Ossuary  | Reached skill level 6 in Air Magic
  3693 | Ossuary  | Reached skill level 6 in Conjurations
  3740 | Ossuary  | Reached XP level 7. HP: 25/36 MP: 9/14
  4298 | Ossuary  | Reached skill level 7 in Air Magic
  4365 | D:4      | Reached skill level 7 in Conjurations
  4445 | D:4      | Found a blossoming altar of Fedhas.
  4607 | D:4      | Reached XP level 8. HP: 41/41 MP: 13/15
  4938 | D:4      | Found a sparkling altar of Nemelex Xobeh.
  4971 | D:4      | Learned a level 2 spell: Swiftness
  4977 | D:4      | Learned a level 5 spell: Lightning Bolt
  4980 | D:5      | Entered Level 5 of the Dungeon
  5062 | D:5      | Noticed Eustachio
  5087 | D:5      | Killed Eustachio
  5087 | D:5      | Reached skill level 8 in Air Magic
  5093 | D:5      | Found an ancient bone altar of Kikubaaqudgha.
  5195 | D:5      | Reached skill level 8 in Conjurations
  5738 | D:5      | Noticed Blork the orc
  5748 | D:5      | Killed Blork the orc
  5748 | D:5      | Reached skill level 5 in Spellcasting
  5966 | D:5      | Found an iron altar of Okawaru.
  5968 | D:5      | Noticed Edmund
  5993 | D:5      | Killed Edmund
  6164 | D:5      | HP: 11/41 [centaur/uncursed whip (9)]
  6167 | D:5      | Reached skill level 9 in Conjurations
  6167 | D:5      | Reached skill level 9 in Air Magic
  6660 | D:5      | Noticed Pikel
  6663 | D:5      | Killed Pikel
  6663 | D:5      | Reached XP level 9. HP: 45/45 MP: 0/18
  6719 | D:6      | Reached skill level 6 in Spellcasting
  6872 | D:6      | Reached skill level 10 in Air Magic
  6893 | D:6      | Reached skill level 10 in Conjurations
  6967 | D:6      | HP: 8/45 [hound (6)]
  7330 | D:6      | Found Locvad's Food Shoppe.
  7501 | D:6      | Found a bloodstained altar of Trog.
  7749 | D:6      | Bought a royal jelly for 26 gold pieces
  7894 | D:7      | Found a staircase to the Ecumenical Temple.
  7915 | D:7      | HP: 12/45 [acid (10)]
  7923 | D:7      | HP: 13/45 [jelly (1)]
  7923 | D:7      | HP: 5/45 [acid (8)]
  7925 | D:6      | HP: 2/45 [jelly (3)]
  7925 | D:6      | Splashed by a jelly's acid

Vault maps used:
D:1:      dpeg_arrival_water_fire
D:2:      doesnt_xom_only_xom, grunt_temple_overflow_open, marbit_many_paths
D:4:      grunt_temple_overflow_forces_of_nature, kennysheep_mini,
          enter_ossuary_2, minmay_mini_ossuary
D:5:      okawaru_gym_becter, lemuel_coloured_pillars_altar, first_bread,
          kennysheep_another_room, uniq_pikel, uniq_edmund, uniq_blork_the_orc,
          uniq_eustachio
D:6:      old_standard_altar, serial_shops, nicolae_shop_waterfront
D:7:      minmay_temple_entry_grid, nicolae_ashenzari_panopticon
Ossuary:  ossuary_zaba_flooded

Skill      XL: |  1  2  3  4  5  6  7  8  9 |
---------------+----------------------------+-----
Conjurations   | 2 3 4 5 6 7 9 10 | 10.5
Spellcasting   | 3 4 5 6 |  6.7
Air Magic      | 5 6 7 9 10 | 10.6
Dodging        | |  2.1
Stealth        | |  2.0

Action                   |  1- 3 |  4- 6 |  7- 9 || total
-------------------------+-------+-------+-------++-------
Melee: Unarmed           |     2 |       |       ||     2
       Whip              |    16 |    48 |    82 ||   146
       Kick              |     2 |    12 |    17 ||    31
       Peck              |       |     8 |    18 ||    26
 Cast: Shock             |    57 |   108 |   198 ||   363
       Static Discharge  |       |     5 |     2 ||     7
       Airstrike         |       |       |     7 ||     7
  Use: Scroll            |     4 |     4 |     9 ||    17
 Stab: Sleeping          |       |     1 |       ||     1
  Eat: Chunk             |     3 |     3 |     9 ||    15
       Royal jelly       |       |     1 |     1 ||     2
       Fruit             |       |     1 |       ||     1
       Bread ration      |       |       |     1 ||     1
Armor: Robe              |    16 |    11 |    42 ||    69
Dodge: Dodged            |    16 |    51 |   142 ||   209

Table legend:
 A = Turns spent in this place as a percentage of turns spent in the entire game.
 B = Non-inter-level travel turns spent in this place as a percentage of non-inter-level travel turns spent in the entire game.
 C = Inter-level travel turns spent in this place as a percentage of turns spent in this place.
 D = Turns resting spent in this place as a percentage of non-inter-level travel turns spent in this place.
 E = Turns spent auto-exploring this place as a percentage of non-inter-level travel turns spent in this place.
 F = Non-inter-level travel turns spent in this place divided by the number of levels of this place that you've seen.
                   A       B       C       D       E      F
               +-------+-------+-------+-------+-------+----------------------
         Total | 100.0 | 100.0 |   0.5 |   5.5 |   6.7 | 286.0
       Dungeon |  82.8 |  82.7 |   0.6 |   4.8 |   7.6 | 270.3
       Ossuary |  17.2 |  17.3 |   0.0 |   9.1 |   2.5 | 396.0
               +-------+-------+-------+-------+-------+----------------------

Vault maps used:
D:1:      dpeg_arrival_water_fire
D:2:      doesnt_xom_only_xom, grunt_temple_overflow_open, marbit_many_paths
D:4:      grunt_temple_overflow_forces_of_nature, kennysheep_mini,
          enter_ossuary_2, minmay_mini_ossuary
D:5:      okawaru_gym_becter, lemuel_coloured_pillars_altar, first_bread,
          kennysheep_another_room, uniq_pikel, uniq_edmund, uniq_blork_the_orc,
          uniq_eustachio
D:6:      old_standard_altar, serial_shops, nicolae_shop_waterfront
D:7:      minmay_temple_entry_grid, nicolae_ashenzari_panopticon
Ossuary:  ossuary_zaba_flooded
